Map: Abyssal Reef LE

Players

liquidthermy (uThermal)

  • Race: Terran Terran
  • League: Grandmaster
  • Spawn Location: 11:00

Bly - Winner!

  • Race: Zerg Zerg
  • Spawn Location: 5:00

Event: WESG Barcelona European Finals 2017

VOD

Have the link to the VOD?

Description

Time

  • Played on: Nov. 23, 2017, 7:51 a.m.
  • Length: 10:22

All games in this series

Show
View Real Time Build Order
Export as new Build Order

liquidthermy Terran 

Build Orders: Gas First Reaper Expand, Reaper Expand 

Get SALT Encoding   

  12  0:02  SCV  
  14  0:14  SCV  
  14  0:17  Supply Depot  
  14  0:26  SCV  
  14  0:27  Refinery  
  15  0:39  SCV  
  16  0:44  Barracks  
  16  0:51  SCV  
  17  1:03  SCV  
  18  1:15  SCV  
  19  1:31  Reaper, Orbital Command  
  20  1:44  Command Center  
  20  1:58  Factory, SCV  
  21  2:05  Barracks Reactor  
  21  2:10  SCV  
  21  2:14  Supply Depot  
  21  2:18  Refinery  
  21  2:22  SCV  
  22  2:34  SCV  
  23  2:42  Marine x2  
  23  2:43  Hellion  
  27  2:47  Starport  
  27  2:51  SCV  
  27  3:04  SCV  
  27  3:05  Cyclone  
  31  3:16  Marine x2  
  33  3:20  Orbital Command  
  33  3:23  SCV  
  34  3:27  Medivac  
  36  3:35  SCV  
  36  3:39  Bunker  
  34  3:41  Marine x2  
  34  3:44  Factory Tech Lab  
  34  3:47  SCV  
  37  3:49  SCV  
  38  3:59  SCV  
  38  4:01  SCV  
  40  4:05  Cloaking Field, Banshee  
  43  4:12  Hellion  
  43  4:15  SCV  
  43  4:16  Supply Depot  
  46  4:23  Supply Depot  
  46  4:38  SCV x2, Marine, Hellion x2  
  52  4:50  SCV x2  
  52  4:51  Banshee  
  56  5:02  SCV x2  
  56  5:03  Hellion  
  56  5:04  Hellion  
  62  5:07  Supply Depot, Command Center  
  62  5:20  Armory x2  
  62  5:28  Supply Depot  
  62  5:29  SCV x2, Hellion  
  66  5:41  SCV x2, Hellion  
  70  5:50  Cyclone  
  70  5:53  SCV x2  
  74  6:02  Cyclone  
  74  6:03  Orbital Command  
  76  6:05  SCV  
  76  6:12  Supply Depot  
  76  6:14  Supply Depot  
  74  6:18  Banshee  
  74  6:21  Supply Depot  
  74  6:22  Supply Depot  
  77  6:32  SCV x2  
  77  6:34  SCV  
  77  6:35  Refinery  
  77  6:36  Hellion, Refinery  
  78  6:48  Orbital Command  
  78  6:49  SCV  
  78  6:52  SCV  
  80  7:00  Hellion x2  
  80  7:01  SCV  
  85  7:11  Barracks Tech Lab  
  85  7:12  Factory x2  
  85  7:14  Starport Reactor  
  85  7:16  SCV  
  85  7:17  SCV  
  85  7:18  SCV  
  88  7:26  Hellion x2  
  88  7:28  SCV  
  88  7:29  SCV  
  93  7:30  SCV  
  93  7:40  SCV  
  93  7:43  SCV, Terran Vehicle And Ship Armor Level 1, Terran Vehicle Weapons Level 1  
  84  7:45  SCV  
  84  7:50  Refinery x2  
  84  7:51  Hellion x2  
  85  7:52  SCV  
  85  7:55  SCV  
  85  7:57  SCV, Engineering Bay  
  88  8:03  Thor  
  88  8:04  SCV  
  95  8:07  SCV  
  95  8:08  Thor  
  102  8:15  SCV, Supply Depot x2  
  102  8:19  SCV  
  104  8:23  SCV  
  104  8:24  Medivac  
  104  8:26  Medivac  
  109  8:32  Missile Turret  
  109  8:34  Missile Turret  
  109  8:37  SCV x3  
  109  8:41  Hellion  
  104  8:48  Hellion, Siege Tank  
  103  8:49  SCV x3  
  103  8:52  Hellion  
  95  9:01  SCV x3  
  93  9:13  SCV x3  
  93  9:16  Thor  
  91  9:25  SCV x3  
  91  9:26  Siege Tank  
  91  9:27  Hellion  
  95  9:36  Missile Turret  
  95  9:37  SCV x3  
  95  9:40  Hellion  
  94  9:48  Hellion  
  94  9:49  SCV x3  
  96  9:59  Hellion  
Show
View Real Time Build Order
Export as new Build Order

Bly Zerg - Winner!

Build Orders: Pool First 

Get SALT Encoding   

  12  0:01  Drone  
  13  0:13  Overlord  
  13  0:17  Drone  
  14  0:32  Drone x2  
  16  0:41  Spawning Pool  
  15  0:46  Drone  
  15  0:49  Drone  
  17  1:10  Hatchery  
  16  1:14  Drone  
  16  1:18  Extractor  
  16  1:19  Drone  
  17  1:29  Zergling x2  
  17  1:30  Zergling x2  
  19  1:35  Queen  
  21  1:44  Overlord  
  21  1:53  Drone  
  22  2:03  Drone  
  23  2:10  Queen  
  23  2:12  Roach Warren  
  24  2:23  Drone x3  
  27  2:42  Drone x2  
  28  2:45  Drone x4  
  32  2:54  Roach  
  34  3:04  Roach  
  36  3:11  Overlord x2  
  35  3:21  Ravager  
  36  3:29  Drone  
  36  3:30  Drone x5  
  42  3:37  Drone x2  
  44  3:48  Drone  
  45  3:49  Hatchery  
  45  3:53  Drone x4  
  48  3:57  Metabolic Boost  
  48  4:01  Queen  
  50  4:03  Queen  
  52  4:15  Overlord, Extractor  
  51  4:19  Ravager  
  52  4:30  Overlord x2  
  52  4:35  Roach x3  
  58  4:52  Roach x5  
  68  4:57  Drone x2  
  68  4:58  Drone x2  
  72  5:00  Spore Crawler  
  71  5:07  Overlord  
  71  5:10  Drone x2  
  71  5:11  Drone  
  71  5:12  Lair  
  74  5:15  Overlord  
  74  5:21  Zergling x4  
  76  5:30  Zergling x16  
  84  5:37  Spore Crawler  
  84  5:41  Spore Crawler  
  81  5:44  Drone x5  
  83  5:56  Drone x2  
  82  5:59  Drone x2  
  82  6:00  Drone x3  
  85  6:05  Extractor  
  85  6:06  Drone x4  
  85  6:10  Drone  
  86  6:17  Drone x3  
  86  6:20  Spire  
  86  6:21  Extractor  
  80  6:34  Roach x7  
  80  6:35  Roach x3  
  80  6:36  Hatchery, Extractor  
  92  6:40  Extractor  
  89  6:49  Drone x3  
  86  7:02  Drone x5  
  86  7:08  Overlord x2  
  91  7:10  Roach x3  
  91  7:12  Glial Reconstitution  
  97  7:20  Overseer  
  95  7:36  Roach x10  
  107  7:50  Drone x2  
  108  7:51  Drone x8  
  115  7:59  Overlord x2  
  115  8:00  Overlord x2  
  115  8:01  Infestation Pit  
  114  8:11  Mutalisk x3  
  120  8:19  Mutalisk x6  
  122  8:24  Mutalisk  
  134  8:31  Drone x6  
  134  8:32  Overlord  
  136  8:46  Roach x10  
  142  9:00  Roach x6  
  142  9:01  Drone, Overlord  
  151  9:09  Drone x4  
  149  9:11  Extractor x2  
  149  9:15  Hydralisk Den, Evolution Chamber  
  145  9:20  Hatchery  
  144  9:27  Roach x8  
  160  9:35  Overlord  
  152  9:42  Roach x5  
  152  9:43  Roach x5  
Tags
 
Add a new tag
Caveats
  • Supply blocks, unpowered buildings, or Contaminate may cause inaccurate times.
  • Supply counts are checked every 10 seconds.